 Dungeon Crawl Stone Soup version 0.29-a0-194-g6e3aafee17 (webtiles) character file.

Game seed: 7997697531095149834

30 avis the Chopper (level 3, -1/49 HPs)
             Began as a Hill Orc Monk on Feb 22, 2022.
             Slain by a goblin
             ... wielding a +0 club
             ... led by Robin
              (4 damage)
             ... on level 2 of the Dungeon.
             The game lasted 00:04:34 (1128 turns).

avis the Chopper (Hill Orc Monk)                    Turns: 1128, Time: 00:04:35

Health: -1/49      AC: 21    Str: 15    XL:     3   Next: 18%
Magic:  3/3        EV:  2    Int: 16    God:
Gold:   75         SH:  0    Dex: 13    Spells: 2/2 levels left

rFire   . . .      SeeInvis .   a - +0 hand axe
rCold   . . .      Faith    .   (no shield)
rNeg    . . .      Spirit   .   (body armour currently unavailable)
rPois   +          Reflect  .   (helmet currently unavailable)
rElec   .          Harm     .   (cloak currently unavailable)
rCorr   .          Rampage  .   (gloves currently unavailable)
Will    .....      NoTele   +   (boots currently unavailable)
Stlth   ++........              (no amulet)
HPRegen 0.16/turn               e - +6 ring of intelligence
MPRegen 0.08/turn               (no ring)

@: tree-form
A: stationary, stasis, torment immunity, boosted hp
a: no special abilities


You were on level 2 of the Dungeon.
You were a tree.
You visited 1 branch of the dungeon, and saw 2 of its levels.

You collected 75 gold pieces.

Inventory:

Hand Weapons
 a - a +0 hand axe (weapon)
 b - a +0 hunting sling
Missiles
 d - 32 stones (quivered)
Armour
 i - a +0 robe (melded)
Jewellery
 e - a +6 ring of intelligence (left branch)
 h - a ring of fire
Scrolls
 c - a scroll of immolation {unknown}
 g - a scroll of vulnerability {unknown}
 j - a scroll of teleportation {unknown}


   Skills:
 - Level 4.0 Fighting
 - Level 4.0 Axes
 - Level 2.4 Dodging
 - Level 1.5 Stealth
 * Level 2.6 Unarmed Combat


You had 2 spell levels left.
You didn't know any spells.
Your spell library contained the following spells:

 Spells                   Type           Power      Damage    Failure   Level
 Corpse Rot               Necr/Air       0%         N/A       36%         2
 Poisonous Vapours        Pois/Air       0%         N/A       36%         2
 Leda's Liquefaction      Hex/Erth       0%         N/A       94%         4
 Lee's Rapid Deconstruct  Erth           0%         3d5*      100%        5
 Statue Form              Tmut/Erth      0%         N/A       100%        6


Dungeon Overview and Level Annotations

Branches:
Dungeon (2/15)

Altars:

Annotations:
D:2 Robin


Message History

Robin of the Strong Arm comes into view.
They are wielding a +0 spear.
Robin shouts!
You hit the goblin.
You kill the goblin!
Robin roars a battlecry!
The goblin goes into a battle-frenzy!
A hobgoblin comes into view.
The hobgoblin shouts!
A goblin comes into view. It is wielding a +0 club.
You barely miss the goblin. The goblin barely misses you.
You hit the goblin.
The goblin is moderately wounded.
An adder comes into view.
The goblin hits you with a +0 dagger.
Robin hits you from afar with a +0 spear.
The adder moves out of view.
A hobgoblin comes into view.
Robin throws the goblin at you! The goblin hits you with a +0 dagger.
The hobgoblin shouts!
You hit the goblin.
The goblin is almost dead.
The goblin hits you but does no damage.
You barely miss the goblin.
The goblin is severely wounded.
Robin hits you from afar with a +0 spear.
The goblin hits you with a +0 dagger.
* * * LOW HITPOINT WARNING * * *
Robin barely misses you. The goblin hits you with a +0 dagger.
* * * LOW HITPOINT WARNING * * *
The hobgoblin hits you.
* * * LOW HITPOINT WARNING * * *
Robin throws the goblin at you! The goblin barely misses you.
You closely miss the goblin. x2
The goblin no longer looks unusually strong.
Robin says, "A pitiful Hill Orc like you will never find the ORB!"
The goblin misses you. x2
It was a potion of lignification.
You turn into a tree.
Your +0 robe melds into your body.
Your roots penetrate the ground.
The goblin hits you with a +0 club.
You die...

######.#######..#
#.# ##..# #.#
#...# #.# #.#)#
####.######.#.#
#..........g..#
#............g#
####...#######.#g#
#.........####.#♣#
#..............#g#
#.........######.#
####...#### #.#
#...##### #.#
#.......# #.#
##.#†##.# #.#
###)###.#<#####.#
#..## ##........#


You could see Robin, a hobgoblin (strong) and 2 goblins.

Vanquished Creatures
  A worm (D:2)
  A dart slug (D:1)
  4 ball pythons (D:1)
  A bat (D:2)
  An endoplasm (D:1)
  4 goblins
  3 hobgoblins (D:1)
  2 jackals (D:2)
  A quokka (D:1)
  2 frilled lizards
  3 rats (D:1)
23 creatures vanquished.

Notes
Turn   | Place    | Note
-------+----------+-------------------------------------------
     0 | D:1      | avis the Hill Orc Monk began the quest for the Orb.
     0 | D:1      | Reached XP level 1. HP: 19/19 MP: 1/1
   187 | D:1      | Reached skill level 1 in Unarmed Combat
   187 | D:1      | Reached XP level 2. HP: 27/27 MP: 2/2
   208 | D:1      | Found a faded altar of an unknown god.
   998 | D:2      | Reached XP level 3. HP: 33/33 MP: 3/3
  1113 | D:2      | Noticed Robin
  1128 | D:2      | Slain by a goblin

Illustrated notes

Levels and vault maps discovered:
D:1:      heliophobic_arrival_dark_side_of_the_moon, layout_basic,
          hellmonk_ecumenical_altar_run_dry
D:2:      layout_loops_ring, minmay_fountain_box, uniq_sigmund, uniq_robin,
          uniq_natasha

Skill      XL: |  1  2 |
---------------+-------+-----
Fighting       | 4 |  4.0
Unarmed Combat | 1 2 |  2.6
Axes           | |  4.0
Dodging        | |  2.4
Stealth        | |  1.5

Action                   || total
-------------------------++-------
Melee: Hand axe          ||    75
       Punch             ||     1
  Use: Potion            ||     1
 Stab: Sleeping          ||     8
Armor: Robe              ||     4
Dodge: Dodged            ||    37

Table legend: (Time is in decaauts)
 A = Elapsed time spent in this place.
 B = Non-inter-level travel time spent in this place.
 C = Inter-level travel time spent in this place.
 D = Time resting spent in this place.
 E = Time spent auto-exploring this place.
 F = Levels seen in this place.
 G = Mean time per level.
                   A        B        C        D        E       F      G
               +--------+--------+--------+--------+--------+-----+--------+
         Total |   1135 |   1088 |     47 |    387 |    404 |   2 |  567.5 |
       Dungeon |   1135 |   1088 |     47 |    387 |    404 |   2 |  567.5 |
               +--------+--------+--------+--------+--------+-----+--------+

Top non-repeatable levels by time:
     D:1: 923 daAuts
     D:2: 212 daAuts
